Rangers vs Capitals

Created - 28 octobre 2015 at 23:01

Goals
1 2 3 OT1 T
Rangers 1 1 0 1 3
Capitals 0 2 0 0 2
Shots
1 2 3 OT1 T
Rangers 11 5 6 2 24
Capitals 13 17 7 1 38

1st period

1. Rangers , Mike Cammalleri 3 (Patrice Bergeron) at 2:26

Penalties :
Drew Stafford (NYR) for High sticking (Minor) at 9:49

2nd period

2. Rangers , Milan Lucic 5 (Jakob Silfverberg, Ryan Whitney) at 3:35
3. Capitals , James Neal 7 (Jakub Voracek) at 4:36
4. Capitals , Thomas Vanek 5 (Pavel Datsyuk, Phil Kessel) at 6:26 (PP)

Penalties :
Radek Bonk (NYR) for Holding Stick (Minor) at 5:44, Keith Yandle (Was) for Roughing (Minor) at 14:22

3rd period

No Goal

Penalties :
Ryan Callahan (Was) for Cross-checking (Minor) at 1:47, James Neal (Was) for Tripping (Minor) at 7:05, Phil Kessel (Was) for Hooking (Minor) at 11:42, Ryan Callahan (Was) for Hooking (Minor) at 15:37

Overtime #1

5. Rangers , Brad Richards 6 (Milan Lucic) at 2:14

Penalties :
No Penalty

Goalie Stats

Hannu Toivonen (NYR), 36 saves from 38 shots - (0,947), W, 1-0-0, 62:14 minutes
Jaroslav Halak (Was), 21 saves from 24 shots - (0,875), OTL, 6-3-1, 62:14 minutes

Players Stats for Rangers

Player Name              G  A  P  +/- PIM S  H  SB GA TA FO     MP     PP MP  PK MP  
------------------------------------------------------------------------------------
Alexei Emelin            0  0  0   0  0   0  0  0  0  0  0/0    11:26   0:00   0:00 
Brad Richards            1  0  1   2  0   2  0  1  0  1  14/29  22:41   5:15   0:12 
Cam Barker               0  0  0   1  0   4  1  4  0  2  0/0    21:58   0:00   1:57 
Drew Stafford            0  0  0   0  2   1  1  0  0  0  0/0    16:42   4:25   0:00 
Jakob Silfverberg        0  1  1   1  0   2  1  0  0  0  1/3    21:06   5:22   0:00 
Johan Franzen            0  0  0   0  0   3  1  0  0  0  0/0    11:06   0:01   0:00 
Mark Fistric             0  0  0   1  0   0  2  1  0  1  0/0    16:52   0:00   0:44 
Matt Greene              0  0  0   1  0   0  2  0  0  1  0/0    21:32   4:02   0:44 
Matt Read                0  0  0   0  0   0  2  0  0  0  1/1    12:21   0:16   1:50 
Mike Cammalleri          1  0  1   0  0   1  3  1  1  0  0/1    19:22   5:53   0:23 
Milan Lucic              1  1  2   2  0   3  4  0  0  0  2/3    22:25   5:29   0:00 
Nathan Gerbe             0  0  0   0  0   1  1  0  0  0  0/0    14:21   4:25   0:00 
Nick Foligno             0  0  0   0  0   0  0  0  0  0  0/0     9:00   0:00   0:28 
Patrice Bergeron         0  1  1   0  0   4  0  1  1  1  4/11   16:59   4:25   0:00 
Radek Bonk               0  0  0   0  2   1  2  0  0  0  2/4    11:32   0:07   1:08 
Ryan Whitney             0  1  1   1  0   1  1  2  1  1  0/0    29:16   5:53   1:57 
Staffan Kronwall         0  0  0   0  0   0  0  0  0  0  0/0    11:26   0:00   0:00 
Valtteri Filppula        0  0  0   0  0   1  0  1  0  0  3/3    16:08   4:02   1:21 

Players Stats for Capitals

Player Name              G  A  P  +/- PIM S  H  SB GA TA FO     MP     PP MP  PK MP  
------------------------------------------------------------------------------------
Alexandre Burrows        0  0  0   0  0   2  0  0  0  0  0/0     9:32   0:00   2:02 
Brent Seabrook           0  0  0  -1  0   4  1  3  1  0  0/0    28:31   1:16   5:37 
Brian Campbell           0  0  0   0  0   1  0  1  0  0  0/0    11:59   0:00   0:10 
David Krejci             0  0  0   0  0   3  0  0  0  0  0/0     6:31   0:00   0:00 
Duncan Keith             0  0  0  -1  0   2  0  0  0  1  0/0    28:56   1:16   5:47 
Jakub Voracek            0  1  1   1  0   1  0  2  0  0  0/0    13:01   0:00   0:00 
James Neal               1  0  1   1  2   5  0  0  0  1  0/0    13:54   0:00   0:00 
Keith Yandle             0  0  0   0  2   0  1  0  1  0  0/0    11:33   0:00   0:00 
Marek Zidlicky           0  0  0  -1  0   2  2  0  0  0  0/0    21:44   1:25   4:08 
Mark Streit              0  0  0  -1  0   1  2  2  0  0  0/0    21:44   1:25   4:08 
Mikael Samuelsson        0  0  0   0  0   0  1  0  1  0  0/0     8:50   0:00   2:13 
Patrik Elias             0  0  0  -1  0   3  1  0  1  0  0/1    15:54   1:30   2:49 
Pavel Datsyuk            0  1  1  -2  0   3  1  0  2  0  14/30  23:52   1:11   4:56 
Phil Kessel              0  1  1  -1  2   4  2  0  0  0  2/2    17:32   1:11   0:00 
Ryan Callahan            0  0  0  -1  4   0  2  1  0  0  0/0    12:44   1:30   0:00 
Stephen Weiss            0  0  0   1  0   3  2  1  0  0  9/14   17:28   1:30   2:49 
Thomas Vanek             1  0  1  -2  0   4  0  1  1  1  1/4    23:51   1:11   4:55 
Tyler Johnson            0  0  0  -1  0   0  0  0  0  0  2/4    11:20   0:00   0:06 

3 Stars

1 - Milan Lucic (NYR)
2 - Brad Richards (NYR)
3 - Mike Cammalleri (NYR)

Power Play

Rangers - 0 on 5 Attempt(s) - 0,00%
Capitals - 1 on 2 Attempt(s) - 50,00%

Penalty Kill

Rangers - 1 on 2 Attempt(s) - 50,00% - Score 0 goal in Penalty Kill
Capitals - 5 on 5 Attempt(s) - 100,00% - Score 0 goal in Penalty Kill

Team Stat

Rangers - Hits : 21 - Faceoff Wins : 27 - Blocked Shots : 11 - Penalty Minutes : 4
Capitals - Hits : 15 - Faceoff Wins : 28 - Blocked Shots : 11 - Penalty Minutes : 10

Official

Referees : Kozari Steve and Kowal Tom
Linesman : Vaughan Rody and Mark Wheler

Game Notes

2:55 of 2nd period - Capitals goal is going for a video replay. After video review, No Goal. The goalkeeper has been pushed into the net together with the puck after making a save.

Finance

Level 1 -- Attendance: 5943 (99,05%) -- Ticket Income 457 611 $
Level 2 -- Attendance: 5000 (100,00%) -- Ticket Income 210 000 $
Level 3 -- Attendance: 2000 (100,00%) -- Ticket Income 54 000 $
Level 4 -- Attendance: 4000 (100,00%) -- Ticket Income 64 000 $
Luxury Box -- Attendance: 944 (94,40%) -- Ticket Income 153 872 $
Game was played at the Verizon Center'
Total Attendance: 17887 (99,37%)
Total Ticket Income: 939 483 $
Other Income: 140 922 $
Total Income: 1 080 405 $

Rangers

5 vs 5 Forward 
   Center                   Left Wing                Right Wing               Time % Phy DF OF 
 1 Brad Richards            Milan Lucic              Jakob Silfverberg        40     1   2  2  
 2 Patrice Bergeron         Mike Cammalleri          Drew Stafford            30     1   2  2  
 3 Valtteri Filppula        Nathan Gerbe             Johan Franzen            20     1   2  2  
 4 Radek Bonk               Nick Foligno             Matt Read                10     1   2  2  

5 vs 5 Defense 
   Defense                  Defense                                           Time % Phy DF OF 
 1 Cam Barker               Ryan Whitney                                      40     1   2  2  
 2 Mark Fistric             Matt Greene                                       30     1   2  2  
 3 Staffan Kronwall         Alexei Emelin                                     20     1   2  2  
 4 Cam Barker               Ryan Whitney                                      10     1   2  2  

PowerPlay Forward 
   Center                   Left Wing                Right Wing               Time % Phy DF OF 
 1 Brad Richards            Milan Lucic              Jakob Silfverberg        60     1   2  2  
 2 Patrice Bergeron         Nathan Gerbe             Drew Stafford            40     1   2  2  

PowerPlay Defense
   Defense                  Defense                                           Time % Phy DF OF 
 1 Mike Cammalleri          Ryan Whitney                                      60     1   2  2  
 2 Valtteri Filppula        Matt Greene                                       40     1   2  2  

Penalty Kill 4 Players Forward 
   Center                   Wing                     Time % Phy DF OF 
 1 Radek Bonk               Matt Read                60     1   2  2  
 2 Valtteri Filppula        Nick Foligno             40     1   2  2  

Penalty Kill 4 Players Defense
   Defense                  Defense                  Time % Phy DF OF 
 1 Cam Barker               Ryan Whitney             60     1   2  2  
 2 Mark Fistric             Matt Greene              40     1   2  2  

Penalty Kill - 3 Players Forward 
   Forward                                           Time % Phy DF OF 
 1 Milan Lucic                                       60     1   2  2  
 2 Brad Richards                                     40     1   2  2  

Penalty Kill - 3 Players Defense
   Defense                  Defense                  Time % Phy DF OF 
 1 Cam Barker               Ryan Whitney             60     1   2  2  
 2 Mark Fistric             Matt Greene              40     1   2  2  

4 vs 4 Forward 
   Center                   Wing                     Time % Phy DF OF 
 1 Milan Lucic              Brad Richards            60     1   2  2  
 2 Patrice Bergeron         Johan Franzen            40     1   2  2  

4 vs 4 Defense
   Defense                  Defense                  Time % Phy DF OF 
 1 Cam Barker               Ryan Whitney             60     1   2  2  
 2 Mark Fistric             Matt Greene              40     1   2  2  

Last Minutes Offensive
   Center                   Left Wing                Right Wing               Defense                  Defense                  
   Brad Richards            Milan Lucic              Jakob Silfverberg        Patrice Bergeron         Ryan Whitney             

Last Minutes Defensive
   Center                   Left Wing                Right Wing               Defense                  Defense                  
   Radek Bonk               Nick Foligno             Matt Read                Cam Barker               Mark Fistric             

Goaltenders
Starting : Hannu Toivonen           
Backup : Henrik Lundqvist         

Extra Forwards
Normal : Matt Read, Radek Bonk, Valtteri Filppula - PP : Matt Read, Radek Bonk - PK : Valtteri Filppula
Extra Defensemen
Normal : Staffan Kronwall, Alexei Emelin, Mark Fistric - PP : Staffan Kronwall - PK : Alexei Emelin, Mark Fistric
Penalty Shots
Milan Lucic, Brad Richards, Patrice Bergeron, Johan Franzen, Mike Cammalleri

Capitals

5 vs 5 Forward 
   Center                   Left Wing                Right Wing               Time % Phy DF OF 
 1 Pavel Datsyuk            Thomas Vanek             Phil Kessel              40     1   2  2  
 2 Stephen Weiss            James Neal               Jakub Voracek            30     1   2  2  
 3 Tyler Johnson            Patrik Elias             Ryan Callahan            25     1   2  2  
 4 David Krejci             Alexandre Burrows        Mikael Samuelsson        5      1   2  2  

5 vs 5 Defense 
   Defense                  Defense                                           Time % Phy DF OF 
 1 Brent Seabrook           Duncan Keith                                      40     1   2  2  
 2 Mark Streit              Marek Zidlicky                                    30     1   2  2  
 3 Brian Campbell           Keith Yandle                                      20     1   2  2  
 4 Brent Seabrook           Duncan Keith                                      10     1   2  2  

PowerPlay Forward 
   Center                   Left Wing                Right Wing               Time % Phy DF OF 
 1 Pavel Datsyuk            Thomas Vanek             Phil Kessel              60     1   2  2  
 2 Stephen Weiss            Patrik Elias             Ryan Callahan            40     1   2  2  

PowerPlay Defense
   Defense                  Defense                                           Time % Phy DF OF 
 1 Brent Seabrook           Duncan Keith                                      60     1   2  2  
 2 Mark Streit              Marek Zidlicky                                    40     1   2  2  

Penalty Kill 4 Players Forward 
   Center                   Wing                     Time % Phy DF OF 
 1 Pavel Datsyuk            Thomas Vanek             60     1   2  2  
 2 Stephen Weiss            Patrik Elias             40     1   2  2  

Penalty Kill 4 Players Defense
   Defense                  Defense                  Time % Phy DF OF 
 1 Brent Seabrook           Duncan Keith             60     1   2  2  
 2 Mark Streit              Marek Zidlicky           40     1   2  2  

Penalty Kill - 3 Players Forward 
   Forward                                           Time % Phy DF OF 
 1 Pavel Datsyuk                                     60     1   2  2  
 2 Thomas Vanek                                      40     1   2  2  

Penalty Kill - 3 Players Defense
   Defense                  Defense                  Time % Phy DF OF 
 1 Brent Seabrook           Duncan Keith             60     1   2  2  
 2 Mark Streit              Marek Zidlicky           40     1   2  2  

4 vs 4 Forward 
   Center                   Wing                     Time % Phy DF OF 
 1 Pavel Datsyuk            Thomas Vanek             60     1   2  2  
 2 Stephen Weiss            Patrik Elias             40     1   2  2  

4 vs 4 Defense
   Defense                  Defense                  Time % Phy DF OF 
 1 Brent Seabrook           Duncan Keith             60     1   2  2  
 2 Mark Streit              Marek Zidlicky           40     1   2  2  

Last Minutes Offensive
   Center                   Left Wing                Right Wing               Defense                  Defense                  
   Pavel Datsyuk            Thomas Vanek             Phil Kessel              Brent Seabrook           Duncan Keith             

Last Minutes Defensive
   Center                   Left Wing                Right Wing               Defense                  Defense                  
   Pavel Datsyuk            Thomas Vanek             Phil Kessel              Brent Seabrook           Duncan Keith             

Goaltenders
Starting : Jaroslav Halak           
Backup : Tim Thomas               

Extra Forwards
Normal : James Neal, Alexandre Burrows, Mikael Samuelsson - PP : James Neal, Alexandre Burrows - PK : Mikael Samuelsson
Extra Defensemen
Normal : Brian Campbell, Keith Yandle, Mark Streit - PP : Brian Campbell - PK : Keith Yandle, Mark Streit
Penalty Shots
Pavel Datsyuk, Thomas Vanek, Stephen Weiss, Patrik Elias, James Neal

% Time on Ice - Rangers

Lines # - Real PCT - Wanted PCT - Time Play
Normal Forward
1 - 35% - 40% - 16:34
2 - 27% - 30% - 12:51
3 - 20% - 20% - 9:43
4 - 17% - 10% - 8:16
Normal Defense
1 - 38% - 40% - 17:54
2 - 34% - 30% - 16:02
3 - 24% - 20% - 11:26
4 - 4% - 10% - 2:02
PP Forward
1 - 55% - 60% - 5:30
2 - 45% - 40% - 4:25
PP Defense
1 - 59% - 60% - 5:53
2 - 41% - 40% - 4:02
PK Forward
1 - 83% - 60% - 2:13
2 - 17% - 40% - 0:28
PK Defense
1 - 73% - 60% - 1:57
2 - 27% - 40% - 0:44
PK3 Forward
1 - 0% - 60%
2 - 0% - 40%
PK3 Defense
1 - 0% - 60%
2 - 0% - 40%
44 Forward
1 - 85% - 60% - 1:54
2 - 15% - 40% - 0:20
44 Defense
1 - 67% - 60% - 1:30
2 - 33% - 40% - 0:44
Last Minute Offensive  - 0:00
Last Minute Defensive  - 0:00
Total
Forward - 62:14
Defense - 62:14

% Time on Ice - Capitals

Lines # - Real PCT - Wanted PCT - Time Play
Normal Forward
1 - 35% - 40% - 16:41
2 - 28% - 30% - 13:20
3 - 23% - 25% - 10:52
4 - 14% - 5% - 6:31
Normal Defense
1 - 39% - 40% - 18:42
2 - 32% - 30% - 15:12
3 - 24% - 20% - 11:34
4 - 4% - 10% - 1:56
PP Forward
1 - 44% - 60% - 1:11
2 - 56% - 40% - 1:30
PP Defense
1 - 47% - 60% - 1:16
2 - 53% - 40% - 1:25
PK Forward
1 - 72% - 60% - 7:06
2 - 28% - 40% - 2:49
PK Defense
1 - 58% - 60% - 5:47
2 - 42% - 40% - 4:08
PK3 Forward
1 - 0% - 60%
2 - 0% - 40%
PK3 Defense
1 - 0% - 60%
2 - 0% - 40%
44 Forward
1 - 82% - 60% - 1:50
2 - 18% - 40% - 0:24
44 Defense
1 - 56% - 60% - 1:15
2 - 44% - 40% - 0:59
Last Minute Offensive  - 0:00
Last Minute Defensive  - 0:00
Total
Forward - 62:14
Defense - 62:14

Play by Play

1st period


0:01 of 1st period - Brad Richards wins face-off versus Pavel Datsyuk in neutral zone.
0:04 of 1st period - Slapshot by Brad Richards.
0:04 of 1st period - Deflect By Milan Lucic.
0:04 of 1st period - Shot Misses the Net.
0:04 of 1st period - Puck is out of play.
0:05 of 1st period - Pavel Datsyuk wins face-off versus Brad Richards in Capitals zone.
0:40 of 1st period - Wrist shot by Patrice Bergeron.
0:40 of 1st period - Shot Blocked by Brent Seabrook.
0:52 of 1st period - Slapshot by Matt Greene.
0:52 of 1st period - Shot Blocked by Brent Seabrook.
2:26 of 1st period - Snap shot by Mike Cammalleri.
2:26 of 1st period - Goal by Mike Cammalleri - Rangers : 1 - Capitals : 0.
2:27 of 1st period - Jakob Silfverberg wins face-off versus Pavel Datsyuk in neutral zone.
2:35 of 1st period - Snap shot by Milan Lucic.
2:35 of 1st period - Stopped by Jaroslav Halak with a rebound.
2:43 of 1st period - Snap shot by Milan Lucic.
2:43 of 1st period - Stopped by Jaroslav Halak without a rebound.
2:44 of 1st period - Stephen Weiss wins face-off versus Mike Cammalleri in Capitals zone.
2:49 of 1st period - Snap shot by Brent Seabrook.
2:49 of 1st period - Stopped by Hannu Toivonen without a rebound.
2:50 of 1st period - Stephen Weiss wins face-off versus Patrice Bergeron in Rangers zone.
2:51 of 1st period - Snap shot by Jakub Voracek.
2:51 of 1st period - Shot Blocked by Cam Barker.
2:58 of 1st period - Off-side.
2:59 of 1st period - Brad Richards wins face-off versus Pavel Datsyuk in neutral zone.
4:39 of 1st period - Snap shot by Alexandre Burrows.
4:39 of 1st period - Stopped by Hannu Toivonen with a rebound.
4:41 of 1st period - Slapshot by Mikael Samuelsson.
4:41 of 1st period - Shot Misses the Net.
4:43 of 1st period - Backhand shot by David Krejci.
4:43 of 1st period - Stopped by Hannu Toivonen with a rebound.
4:45 of 1st period - Wrist shot by David Krejci.
4:45 of 1st period - Stopped by Hannu Toivonen without a rebound.
4:46 of 1st period - Brad Richards wins face-off versus Pavel Datsyuk in Rangers zone.
4:53 of 1st period - Snap shot by Pavel Datsyuk.
4:53 of 1st period - Stopped by Hannu Toivonen with a rebound.
5:11 of 1st period - Brent Seabrook is hit by Mike Cammalleri and loses puck.
5:51 of 1st period - Marek Zidlicky is hit by Matt Greene and loses puck.
6:13 of 1st period - Snap shot by Jakob Silfverberg.
6:13 of 1st period - Stopped by Jaroslav Halak without a rebound.
6:14 of 1st period - Tyler Johnson wins face-off versus Brad Richards in Capitals zone.
7:17 of 1st period - Snap shot by Johan Franzen.
7:17 of 1st period - Deflect By Duncan Keith.
7:17 of 1st period - Stopped by Jaroslav Halak with a rebound.
7:25 of 1st period - Wrist shot by Johan Franzen.
7:25 of 1st period - Stopped by Jaroslav Halak without a rebound.
7:26 of 1st period - Brad Richards wins face-off versus Thomas Vanek in Capitals zone.
7:39 of 1st period - Wrist shot by Jakob Silfverberg.
7:39 of 1st period - Stopped by Jaroslav Halak with a rebound.
8:27 of 1st period - Off-side.
8:28 of 1st period - Brad Richards wins face-off versus Pavel Datsyuk in neutral zone.
8:37 of 1st period - Wrist shot by Pavel Datsyuk.
8:37 of 1st period - Deflect By Milan Lucic.
8:37 of 1st period - Shot Blocked by Brad Richards.
8:37 of 1st period - Puck is out of play.
8:38 of 1st period - Pavel Datsyuk wins face-off versus Brad Richards in Rangers zone.
9:09 of 1st period - Cam Barker is hit by Brent Seabrook and loses puck.
9:20 of 1st period - Wrist shot by Phil Kessel.
9:20 of 1st period - Stopped by Hannu Toivonen with a rebound.
9:22 of 1st period - Snap shot by Phil Kessel.
9:22 of 1st period - Shot Misses the Net.
9:24 of 1st period - Snap shot by Brent Seabrook.
9:24 of 1st period - Shot Misses the Net.
9:26 of 1st period - Wrist shot by Phil Kessel.
9:26 of 1st period - Stopped by Hannu Toivonen with a rebound.
9:28 of 1st period - Snap shot by Duncan Keith.
9:28 of 1st period - Stopped by Hannu Toivonen with a rebound.
9:30 of 1st period - Slapshot by Thomas Vanek.
9:30 of 1st period - Shot Misses the Net.
9:32 of 1st period - Slapshot by Duncan Keith.
9:32 of 1st period - Shot Blocked by Cam Barker.
9:34 of 1st period - Snap shot by Brent Seabrook.
9:34 of 1st period - Stopped by Hannu Toivonen without a rebound.
9:35 of 1st period - Stephen Weiss wins face-off versus Patrice Bergeron in Rangers zone.
9:49 of 1st period - Minor Penalty to Drew Stafford for High sticking.
9:50 of 1st period - Stephen Weiss wins face-off versus Radek Bonk in Rangers zone.
10:04 of 1st period - Snap shot by Stephen Weiss.
10:04 of 1st period - Stopped by Hannu Toivonen with a rebound.
10:06 of 1st period - Slapshot by Duncan Keith.
10:06 of 1st period - Stopped by Hannu Toivonen without a rebound.
10:07 of 1st period - Radek Bonk wins face-off versus Pavel Datsyuk in Rangers zone.
10:45 of 1st period - Snap shot by Stephen Weiss.
10:45 of 1st period - Shot Blocked by Mark Fistric.
11:49 of 1st period - Penalty to Drew Stafford is over, Drew Stafford is back on ice.
13:24 of 1st period - Matt Greene is hit by Ryan Callahan and loses puck.
14:10 of 1st period - Snap shot by Patrice Bergeron.
14:10 of 1st period - Stopped by Jaroslav Halak with a rebound.
15:20 of 1st period - Snap shot by Stephen Weiss.
15:20 of 1st period - Shot Misses the Net.
15:22 of 1st period - Slapshot by Brent Seabrook.
15:22 of 1st period - Deflect By Stephen Weiss.
15:22 of 1st period - Stopped by Hannu Toivonen without a rebound.
15:23 of 1st period - Brad Richards wins face-off versus Stephen Weiss in Rangers zone.
15:23 of 1st period - Brad Richards is hit by Stephen Weiss.
15:57 of 1st period - Slapshot by Brent Seabrook.
15:57 of 1st period - Stopped by Hannu Toivonen without a rebound.
15:58 of 1st period - Pavel Datsyuk wins face-off versus Brad Richards in Rangers zone.
16:33 of 1st period - Slapshot by Brent Seabrook.
16:33 of 1st period - Shot Misses the Net.
16:49 of 1st period - Wrist shot by David Krejci.
16:49 of 1st period - Deflect By Alexandre Burrows.
16:49 of 1st period - Shot Blocked by Ryan Whitney.
16:49 of 1st period - Puck is out of play.
16:50 of 1st period - Thomas Vanek wins face-off versus Brad Richards in Rangers zone.
16:59 of 1st period - Snap shot by Milan Lucic.
16:59 of 1st period - Shot Misses the Net.
17:09 of 1st period - Matt Greene is hit by Mark Streit.
17:25 of 1st period - Snap shot by Drew Stafford.
17:25 of 1st period - Stopped by Jaroslav Halak with a rebound.
17:27 of 1st period - Backhand shot by Patrice Bergeron.
17:27 of 1st period - Stopped by Jaroslav Halak without a rebound.
17:28 of 1st period - Stephen Weiss wins face-off versus Patrice Bergeron in Capitals zone.
18:33 of 1st period - Slapshot by Patrice Bergeron.
18:33 of 1st period - Shot Blocked by Ryan Callahan.
18:37 of 1st period - Snap shot by Patrice Bergeron.
18:37 of 1st period - Stopped by Jaroslav Halak without a rebound.
18:38 of 1st period - Pavel Datsyuk wins face-off versus Patrice Bergeron in Capitals zone.
18:50 of 1st period - Pavel Datsyuk is hit by Mike Cammalleri and loses puck.
19:10 of 1st period - Snap shot by James Neal.
19:10 of 1st period - Shot Misses the Net.
Goals for this period are 1 for Rangers vs 0 for Capitals.
Shots for this period are 11 for Rangers vs 13 for Capitals.

2nd period


0:01 of 2nd period - Phil Kessel wins face-off versus Jakob Silfverberg in neutral zone.
0:30 of 2nd period - Slapshot by Stephen Weiss.
0:30 of 2nd period - Shot Misses the Net.
0:32 of 2nd period - Wrist shot by James Neal.
0:32 of 2nd period - Stopped by Hannu Toivonen with a rebound.
1:33 of 2nd period - Mark Streit is hit by Mark Fistric.
2:01 of 2nd period - Snap shot by Drew Stafford.
2:01 of 2nd period - Deflect By Patrice Bergeron.
2:01 of 2nd period - Shot Blocked by Jakub Voracek.
2:01 of 2nd period - Puck is out of play.
2:02 of 2nd period - Patrice Bergeron wins face-off versus Thomas Vanek in Capitals zone.
2:11 of 2nd period - Cam Barker is hit by Phil Kessel and loses puck.
2:33 of 2nd period - Snap shot by James Neal.
2:33 of 2nd period - Shot Misses the Net.
2:51 of 2nd period - Snap shot by Patrik Elias.
2:51 of 2nd period - Shot Blocked by Valtteri Filppula.
2:53 of 2nd period - Slapshot by Brian Campbell.
2:53 of 2nd period - Stopped by Hannu Toivonen with a rebound.
2:55 of 2nd period - Wrist shot by Ryan Callahan.
2:55 of 2nd period - Deflect By Patrik Elias.
2:55 of 2nd period - Capitals goal is going for a video replay.
2:55 of 2nd period - The goal is refused. The goalkeeper has been pushed into the net together with the puck after making a save..
2:56 of 2nd period - Patrice Bergeron wins face-off versus Tyler Johnson in Rangers zone.
3:17 of 2nd period - Slapshot by Patrik Elias.
3:17 of 2nd period - Shot Blocked by Mike Cammalleri.
3:19 of 2nd period - Snap shot by Tyler Johnson.
3:19 of 2nd period - Shot Misses the Net.
3:21 of 2nd period - Slapshot by Mark Streit.
3:21 of 2nd period - Shot Misses the Net.
3:23 of 2nd period - Wrist shot by Patrik Elias.
3:23 of 2nd period - Shot Blocked by Patrice Bergeron.
3:25 of 2nd period - Snap shot by Patrik Elias.
3:25 of 2nd period - Stopped by Hannu Toivonen without a rebound.
3:26 of 2nd period - Brad Richards wins face-off versus Pavel Datsyuk in Rangers zone.
3:33 of 2nd period - Snap shot by Jakob Silfverberg.
3:33 of 2nd period - Shot Misses the Net.
3:35 of 2nd period - Snap shot by Milan Lucic.
3:35 of 2nd period - Goal by Milan Lucic - Rangers : 2 - Capitals : 0.
3:36 of 2nd period - Brad Richards wins face-off versus Pavel Datsyuk in neutral zone.
4:36 of 2nd period - Snap shot by James Neal.
4:36 of 2nd period - Goal by James Neal - Rangers : 2 - Capitals : 1.
4:37 of 2nd period - Stephen Weiss wins face-off versus Brad Richards in neutral zone.
5:44 of 2nd period - Minor Penalty to Radek Bonk for Holding Stick.
5:45 of 2nd period - Valtteri Filppula wins face-off versus Stephen Weiss in Rangers zone.
5:52 of 2nd period - Off-side.
5:53 of 2nd period - Valtteri Filppula wins face-off versus Stephen Weiss in neutral zone.
6:22 of 2nd period - Wrist shot by Phil Kessel.
6:22 of 2nd period - Stopped by Hannu Toivonen with a rebound.
6:26 of 2nd period - Wrist shot by Thomas Vanek.
6:26 of 2nd period - Goal by Thomas Vanek - Rangers : 2 - Capitals : 2.
6:27 of 2nd period - Pavel Datsyuk wins face-off versus Brad Richards in neutral zone.
6:36 of 2nd period - Slapshot by Phil Kessel.
6:36 of 2nd period - Stopped by Hannu Toivonen without a rebound.
6:37 of 2nd period - Brad Richards wins face-off versus Pavel Datsyuk in Rangers zone.
6:42 of 2nd period - Duncan Keith is hit by Jakob Silfverberg and loses puck.
6:57 of 2nd period - Slapshot by Pavel Datsyuk.
6:57 of 2nd period - Shot Misses the Net.
7:03 of 2nd period - Brent Seabrook is hit by Milan Lucic and loses puck.
7:24 of 2nd period - Wrist shot by Milan Lucic.
7:24 of 2nd period - Shot Misses the Net.
7:26 of 2nd period - Slapshot by Cam Barker.
7:26 of 2nd period - Deflect By Thomas Vanek.
7:26 of 2nd period - Stopped by Jaroslav Halak without a rebound.
7:27 of 2nd period - Stephen Weiss wins face-off versus Patrice Bergeron in Capitals zone.
7:36 of 2nd period - Slapshot by Mark Streit.
7:36 of 2nd period - Stopped by Hannu Toivonen with a rebound.
7:42 of 2nd period - Wrist shot by Stephen Weiss.
7:42 of 2nd period - Deflect By Drew Stafford.
7:42 of 2nd period - Stopped by Hannu Toivonen with a rebound.
7:52 of 2nd period - Patrik Elias is hit by Matt Greene and loses puck.
8:19 of 2nd period - David Krejci is hit by Matt Read and loses puck.
8:32 of 2nd period - Marek Zidlicky is hit by Mike Cammalleri and loses puck.
8:55 of 2nd period - Snap shot by Thomas Vanek.
8:55 of 2nd period - Deflect By Cam Barker.
8:55 of 2nd period - Stopped by Hannu Toivonen with a rebound.
9:47 of 2nd period - Brent Seabrook is hit by Drew Stafford.
10:17 of 2nd period - Snap shot by Thomas Vanek.
10:17 of 2nd period - Stopped by Hannu Toivonen with a rebound.
10:27 of 2nd period - Matt Greene is hit by Keith Yandle and loses puck.
10:48 of 2nd period - Matt Greene is hit by Ryan Callahan and loses puck.
11:45 of 2nd period - Slapshot by Cam Barker.
11:45 of 2nd period - Stopped by Jaroslav Halak with a rebound.
12:32 of 2nd period - Wrist shot by Thomas Vanek.
12:32 of 2nd period - Shot Misses the Net.
13:48 of 2nd period - Cam Barker is hit by Phil Kessel.
14:02 of 2nd period - Brad Richards is hit by Marek Zidlicky.
14:22 of 2nd period - Minor Penalty to Keith Yandle for Roughing.
14:23 of 2nd period - Pavel Datsyuk wins face-off versus Brad Richards in Capitals zone.
14:48 of 2nd period - Pavel Datsyuk is hit by Nathan Gerbe.
15:00 of 2nd period - Snap shot by Patrice Bergeron.
15:00 of 2nd period - Stopped by Jaroslav Halak with a rebound.
16:22 of 2nd period - Penalty to Keith Yandle is over, Keith Yandle is back on ice.
16:42 of 2nd period - Icing by Ryan Whitney.
16:43 of 2nd period - Radek Bonk wins face-off versus Tyler Johnson in Rangers zone.
16:48 of 2nd period - Tyler Johnson is hit by Matt Read and loses puck.
16:59 of 2nd period - Snap shot by Patrik Elias.
16:59 of 2nd period - Stopped by Hannu Toivonen with a rebound.
17:25 of 2nd period - Snap shot by David Krejci.
17:25 of 2nd period - Stopped by Hannu Toivonen with a rebound.
17:27 of 2nd period - Slapshot by Mark Streit.
17:27 of 2nd period - Shot Misses the Net.
17:29 of 2nd period - Slapshot by Marek Zidlicky.
17:29 of 2nd period - Shot Misses the Net.
17:31 of 2nd period - Wrist shot by Marek Zidlicky.
17:31 of 2nd period - Stopped by Hannu Toivonen with a rebound.
17:48 of 2nd period - Snap shot by Pavel Datsyuk.
17:48 of 2nd period - Stopped by Hannu Toivonen without a rebound.
17:49 of 2nd period - Pavel Datsyuk wins face-off versus Jakob Silfverberg in Rangers zone.
18:45 of 2nd period - Patrice Bergeron is hit by Patrik Elias and loses puck.
19:23 of 2nd period - Wrist shot by Nathan Gerbe.
19:23 of 2nd period - Deflect By Johan Franzen.
19:23 of 2nd period - Shot Blocked by Jakub Voracek.
19:23 of 2nd period - Puck is out of play.
19:24 of 2nd period - Valtteri Filppula wins face-off versus Stephen Weiss in Capitals zone.
19:37 of 2nd period - Slapshot by Johan Franzen.
19:37 of 2nd period - Stopped by Jaroslav Halak without a rebound.
19:38 of 2nd period - Pavel Datsyuk wins face-off versus Brad Richards in Capitals zone.
19:49 of 2nd period - Backhand shot by Thomas Vanek.
19:49 of 2nd period - Shot Blocked by Cam Barker.
19:51 of 2nd period - Slapshot by Marek Zidlicky.
19:51 of 2nd period - Stopped by Hannu Toivonen with a rebound.
19:53 of 2nd period - Snap shot by Thomas Vanek.
19:53 of 2nd period - Shot Misses the Net.
Goals for this period are 1 for Rangers vs 2 for Capitals.
Shots for this period are 5 for Rangers vs 17 for Capitals.

3rd period


0:01 of 3rd period - Brad Richards wins face-off versus Pavel Datsyuk in neutral zone.
0:04 of 3rd period - Wrist shot by Milan Lucic.
0:04 of 3rd period - Deflect By Jakob Silfverberg.
0:04 of 3rd period - Shot Blocked by Brent Seabrook.
0:04 of 3rd period - Puck is out of play.
0:05 of 3rd period - Phil Kessel wins face-off versus Brad Richards in Capitals zone.
0:20 of 3rd period - Slapshot by Brad Richards.
0:20 of 3rd period - Shot Blocked by Thomas Vanek.
0:32 of 3rd period - Snap shot by Valtteri Filppula.
0:32 of 3rd period - Stopped by Jaroslav Halak with a rebound.
0:52 of 3rd period - Wrist shot by Pavel Datsyuk.
0:52 of 3rd period - Shot Blocked by Ryan Whitney.
1:18 of 3rd period - Snap shot by Nathan Gerbe.
1:18 of 3rd period - Stopped by Jaroslav Halak without a rebound.
1:19 of 3rd period - Stephen Weiss wins face-off versus Brad Richards in Capitals zone.
1:19 of 3rd period - Stephen Weiss is hit by Milan Lucic.
1:33 of 3rd period - Jakub Voracek is hit by Milan Lucic and loses puck.
1:47 of 3rd period - Minor Penalty to Ryan Callahan for Cross-checking.
1:48 of 3rd period - Pavel Datsyuk wins face-off versus Brad Richards in Capitals zone.
1:59 of 3rd period - Slapshot by Mike Cammalleri.
1:59 of 3rd period - Shot Blocked by Mark Streit.
3:09 of 3rd period - Jakob Silfverberg is hit by Stephen Weiss and loses puck.
3:47 of 3rd period - Penalty to Ryan Callahan is over, Ryan Callahan is back on ice.
5:12 of 3rd period - Wrist shot by James Neal.
5:12 of 3rd period - Shot Misses the Net.
5:36 of 3rd period - Snap shot by Tyler Johnson.
5:36 of 3rd period - Deflect By Patrik Elias.
5:36 of 3rd period - Shot Misses the Net.
5:36 of 3rd period - Puck is out of play.
5:37 of 3rd period - Tyler Johnson wins face-off versus Patrice Bergeron in Rangers zone.
6:15 of 3rd period - Slapshot by Ryan Whitney.
6:15 of 3rd period - Stopped by Jaroslav Halak with a rebound.
6:17 of 3rd period - Slapshot by Ryan Whitney.
6:17 of 3rd period - Shot Misses the Net.
6:19 of 3rd period - Slapshot by Ryan Whitney.
6:19 of 3rd period - Shot Blocked by Stephen Weiss.
6:21 of 3rd period - Snap shot by Ryan Whitney.
6:21 of 3rd period - Shot Blocked by Mark Streit.
6:23 of 3rd period - Slapshot by Cam Barker.
6:23 of 3rd period - Stopped by Jaroslav Halak with a rebound.
6:25 of 3rd period - Slapshot by Cam Barker.
6:25 of 3rd period - Stopped by Jaroslav Halak without a rebound.
6:26 of 3rd period - Patrice Bergeron wins face-off versus Pavel Datsyuk in Capitals zone.
7:05 of 3rd period - Minor Penalty to James Neal for Tripping.
7:06 of 3rd period - Brad Richards wins face-off versus Pavel Datsyuk in Capitals zone.
7:31 of 3rd period - Pavel Datsyuk is hit by Ryan Whitney and loses puck.
7:51 of 3rd period - Icing by Milan Lucic.
7:52 of 3rd period - Brad Richards wins face-off versus Patrik Elias in Rangers zone.
9:00 of 3rd period - Ryan Whitney is hit by Mikael Samuelsson.
9:05 of 3rd period - Penalty to James Neal is over, James Neal is back on ice.
9:14 of 3rd period - Snap shot by Matt Read.
9:14 of 3rd period - Shot Misses the Net.
9:16 of 3rd period - Snap shot by Radek Bonk.
9:16 of 3rd period - Shot Misses the Net.
9:18 of 3rd period - Slapshot by Staffan Kronwall.
9:18 of 3rd period - Deflect By Radek Bonk.
9:18 of 3rd period - Deflect By Thomas Vanek.
9:18 of 3rd period - Shot Misses the Net.
9:18 of 3rd period - Puck is out of play.
9:19 of 3rd period - Patrice Bergeron wins face-off versus Stephen Weiss in Capitals zone.
9:20 of 3rd period - Snap shot by Drew Stafford.
9:20 of 3rd period - Shot Blocked by Brian Campbell.
9:28 of 3rd period - Slapshot by Jakub Voracek.
9:28 of 3rd period - Stopped by Hannu Toivonen without a rebound.
9:29 of 3rd period - Stephen Weiss wins face-off versus Patrice Bergeron in Rangers zone.
9:30 of 3rd period - Wrist shot by James Neal.
9:30 of 3rd period - Shot Blocked by Cam Barker.
9:34 of 3rd period - Snap shot by James Neal.
9:34 of 3rd period - Stopped by Hannu Toivonen with a rebound.
9:36 of 3rd period - Wrist shot by James Neal.
9:36 of 3rd period - Stopped by Hannu Toivonen without a rebound.
9:37 of 3rd period - Brad Richards wins face-off versus Pavel Datsyuk in Rangers zone.
10:24 of 3rd period - Mark Streit is hit by Johan Franzen and loses puck.
10:55 of 3rd period - Duncan Keith is hit by Radek Bonk and loses puck.
11:12 of 3rd period - Snap shot by James Neal.
11:12 of 3rd period - Stopped by Hannu Toivonen with a rebound.
11:29 of 3rd period - Matt Greene is hit by Marek Zidlicky and loses puck.
11:38 of 3rd period - Snap shot by Brad Richards.
11:38 of 3rd period - Stopped by Jaroslav Halak without a rebound.
11:39 of 3rd period - Pavel Datsyuk wins face-off versus Brad Richards in Capitals zone.
11:39 of 3rd period - Pavel Datsyuk is hit by Cam Barker.
11:42 of 3rd period - Minor Penalty to Phil Kessel for Hooking.
11:43 of 3rd period - Brad Richards wins face-off versus Pavel Datsyuk in Capitals zone.
13:29 of 3rd period - Mike Cammalleri is hit by Pavel Datsyuk and loses puck.
13:42 of 3rd period - Penalty to Phil Kessel is over, Phil Kessel is back on ice.
14:59 of 3rd period - Off-side.
15:00 of 3rd period - Pavel Datsyuk wins face-off versus Radek Bonk in neutral zone.
15:07 of 3rd period - Snap shot by Pavel Datsyuk.
15:07 of 3rd period - Stopped by Hannu Toivonen with a rebound.
15:09 of 3rd period - Snap shot by Thomas Vanek.
15:09 of 3rd period - Stopped by Hannu Toivonen with a rebound.
15:11 of 3rd period - Wrist shot by Brent Seabrook.
15:11 of 3rd period - Stopped by Hannu Toivonen with a rebound.
15:37 of 3rd period - Minor Penalty to Ryan Callahan for Hooking.
15:38 of 3rd period - Pavel Datsyuk wins face-off versus Brad Richards in Capitals zone.
15:38 of 3rd period - Pavel Datsyuk is hit by Milan Lucic.
16:51 of 3rd period - Snap shot by Stephen Weiss.
16:51 of 3rd period - Shot Misses the Net.
17:37 of 3rd period - Penalty to Ryan Callahan is over, Ryan Callahan is back on ice.
19:02 of 3rd period - Icing by Thomas Vanek.
19:03 of 3rd period - Pavel Datsyuk wins face-off versus Brad Richards in Capitals zone.
19:03 of 3rd period - Pavel Datsyuk is hit by Radek Bonk.
Goals for this period are 0 for Rangers vs 0 for Capitals.
Shots for this period are 6 for Rangers vs 7 for Capitals.

Overtime #1


0:01 of 1st overtime period - Pavel Datsyuk wins face-off versus Milan Lucic in neutral zone.
0:38 of 1st overtime period - Cam Barker is hit by Mark Streit and loses puck.
0:51 of 1st overtime period - Snap shot by Radek Bonk.
0:51 of 1st overtime period - Stopped by Jaroslav Halak without a rebound.
0:52 of 1st overtime period - Milan Lucic wins face-off versus Pavel Datsyuk in Capitals zone.
1:19 of 1st overtime period - Duncan Keith is hit by Mark Fistric and loses puck.
1:58 of 1st overtime period - Slapshot by Alexandre Burrows.
1:58 of 1st overtime period - Stopped by Hannu Toivonen without a rebound.
1:59 of 1st overtime period - Matt Read wins face-off versus Pavel Datsyuk in Rangers zone.
2:08 of 1st overtime period - Wrist shot by Matt Read.
2:08 of 1st overtime period - Deflect By Radek Bonk.
2:08 of 1st overtime period - Shot Misses the Net.
2:08 of 1st overtime period - Puck is out of play.
2:09 of 1st overtime period - Milan Lucic wins face-off versus Thomas Vanek in Capitals zone.
2:14 of 1st overtime period - Backhand shot by Brad Richards.
2:14 of 1st overtime period - Goal by Brad Richards - Rangers : 3 - Capitals : 2.
Goals for this period are 1 for Rangers vs 0 for Capitals.
Shots for this period are 2 for Rangers vs 1 for Capitals.


Output by the SimonT Hockey Simulator (STHS) for François Prévost -- Original Page W3C XHTML 1.0 Valid
Hockey Simulator - Hockey Simulation - Hockey Manager